 Dungeon Crawl Stone Soup version 0.17-a0-1570-g74b7129 (webtiles) character file.

678 Chiseanne the Covered (level 7, 0/117 HPs)
             Began as a Demonspawn Wanderer on July 23, 2015.
             Succumbed to Duvessa's poison
             ... on level 5 of the Dungeon.
             The game lasted 00:13:20 (5236 turns).

Chiseanne the Covered (Demonspawn Wanderer)         Turns: 5236, Time: 00:13:20

Health: 0/117      AC: 23    Str: 19      XL:     7   Next: 34%
Magic:  7/7        EV:  2    Int:  9 (13) God:
Gold:   189        SH:  0    Dex: 15      Spells: 0 memorised, 6 levels left

rFire  . . .     SeeInvis .     a - +1 falchion
rCold  . . .     Clarity  .     (armour currently unavailable)
rNeg   + + +     SustAt   .     (no shield)
rPois  +         Gourm    .     (helmet currently unavailable)
rElec  .         Spirit   .     (cloak currently unavailable)
rCorr  .         Warding  .     (gloves currently unavailable)
rMut   .         NoTele   +     (boots unavailable)
MR     .....                    (no amulet)
Stlth  ..........               (no ring)
                                (no ring)

@: berserking, lethally poisoned (0 -> -26), tree-form, very quick, not
resistant to hostile enchantments, extremely unstealthy
A: (hooves 0), thin skeletal structure 1, demonic guardian 1
a: no special abilities


You were on level 5 of the Dungeon.
You were hungry.
You were a tree.
You visited 1 branch of the dungeon, and saw 6 of its levels.
You also visited: Sewer.

You collected 189 gold pieces.

Inventory:

Hand weapons
 a - a +1 falchion (weapon)
 l - a +2 hunting sling of flaming
 w - a +2 blowgun
Missiles
 b - 51 arrows
 d - 2 curare-tipped needles
 h - 24 poisoned needles
 u - 6 tomahawks (quivered)
 v - 21 bolts
Armour
 e - a +0 helmet (melded)
 i - a +0 cloak (melded)
 j - a +0 scale mail (melded)
Jewellery
 y - an uncursed ring of protection from magic {unknown}
Magical devices
 g - a wand of fireball (9)
Scrolls
 p - a scroll of amnesia
 s - 2 scrolls of teleportation
Potions
 c - a potion of lignification
 n - 5 potions of flight
 q - a potion of degeneration
 r - a potion of poison {unknown}
 t - 2 potions of berserk rage
Comestibles
 f - a bread ration
 k - a fruit
 o - a meat ration


   Skills:
 + Level 3.5 Fighting
 - Level 1.7 Long Blades
   Level 1.0 Axes
 - Level 3.0 Throwing
 * Level 4.8 Armour
 * Level 4.3 Dodging
 - Level 1.0 Stealth


You had 6 spell levels left.
You didn't know any spells.

Dungeon Overview and Level Annotations

Branches:
Dungeon (6/15)
 Temple: D:4-7

Altars:
Cheibriados
The Shining One

Annotations:
D:2 exclusion: downstairs
D:5 Dowan, Duvessa


Innate Abilities, Weirdness & Mutations

((You have hooves in place of feet.))
You have a somewhat thin skeletal structure (Dex +2, Stealth).
A weak demonic guardian rushes to your aid.


Message History

You hit Duvessa.
Duvessa is almost dead.
* * * LOW HITPOINT WARNING * * *
You feel very sick.
Duvessa hits you with a rapier of venom.
* * * LOW HITPOINT WARNING * * *
Dowan mumbles some strange words.
Dowan blinks!
Duvessa hits you but does no damage.
Drink which item? (? for menu, Esc to quit)
It was a potion of degeneration.
There was something very wrong with that liquid.
You feel dopey.
* * * LOW HITPOINT WARNING * * *
You feel very sick. Duvessa barely misses you.
Drink which item? (? for menu, Esc to quit)
It was a potion of berserk rage.
A red film seems to cover your vision as you go berserk!
You feel yourself moving faster!
You feel mighty!
You die...

# #....$...# ....
#.##.#.)# ....
#......## ##..###
####.#.########.....#
#................#
#................#
#.#.#####.##.....#.#
#.#.####..........<#
#.#.e♣.#..##.###### #
####.#..#.#.##
#.#...###.##
####.#..## ##.#
.........###.##
....##.#.#.## #
####.##.## #.##.#
#.##.#


You could see Duvessa.

Vanquished Creatures
  Grinder (D:3)
  2 ogres
  A giant frog zombie (D:5)
  2 hounds (D:4)
  A jelly (D:4)
  An iguana (D:4)
  3 gnolls (D:2)
  2 adders (D:4)
  2 river rats (D:4)
  4 oozes (Sewer)
  An adder zombie (D:5)
  6 worms
  4 giant geckos
  7 orcs
  12 bats
  A bat zombie (D:5)
  4 hobgoblins
  6 jackals
  3 ball pythons
  4 giant cockroaches
  4 giant newts
  6 goblins
  5 kobolds
  A quokka (D:4)
  12 rats
95 creatures vanquished.

Vanquished Creatures (collateral kills)
  An ogre (D:4)
  A crimson imp (D:5)
  An orc wizard (D:4)
  An orc (D:4)
  A hobgoblin (D:5)
  A kobold (D:4)
6 creatures vanquished.

Grand Total: 101 creatures vanquished

Notes
Turn   | Place    | Note
--------------------------------------------------------------
     0 | D:1      | Chiseanne the Demonspawn Wanderer began the quest for the Orb.
     0 | D:1      | Chiseanne set off with: 4 curare-tipped needles, a +2 blowgun, a +0 spear, a +0 falchion, a +0 robe, a bread ration
     0 | D:1      | Reached XP level 1. HP: 16/16 MP: 1/1
   373 | D:1      | Gained mutation: You have large cloven feet. [demonic ancestry]
   373 | D:1      | Reached XP level 2. HP: 5/23 MP: 2/2
   375 | D:1      | HP: 1/23 [giant cockroach (2)]
   943 | D:1      | Reached skill level 1 in Dodging
  1614 | D:2      | Found a snail-covered altar of Cheibriados.
  1717 | D:2      | Gained mutation: A weak demonic guardian rushes to your aid. [demonic ancestry]
  1717 | D:2      | Reached XP level 3. HP: 7/28 MP: 3/3
  1744 | D:2      | Reached skill level 3 in Armour
  2165 | D:2      | Found a faded altar to an unknown god.
  2321 | D:3      | Noticed Grinder
  2492 | D:3      | Paralysed by Grinder for 3 turns
  2518 | D:3      | Killed Grinder
  2518 | D:3      | Gained mutation: You have hoof-like feet. [demonic ancestry]
  2518 | D:3      | Reached XP level 4. HP: 34/34 MP: 4/4
  2518 | D:3      | Gained mutation: You have hooves in place of feet. [demonic ancestry]
  2518 | D:3      | Reached XP level 5. HP: 40/40 MP: 5/5
  2659 | D:3      | You fall through a shaft for 3 floors!
  2667 | D:5      | Entered Level 5 of the Dungeon
  2704 | D:5      | Noticed an ogre
  2712 | D:5      | Killed an ogre
  2986 | D:4      | Gained mutation: You have a somewhat thin skeletal structure (Dex +2, Stealth). [demonic ancestry]
  2986 | D:4      | Reached XP level 6. HP: 40/47 MP: 6/6
  3178 | D:4      | Found a glowing drain.
  3204 | D:4      | Reached skill level 4 in Armour
  3232 | Sewer    | Entered a sewer
  4376 | D:4      | Noticed an ogre
  4384 | D:4      | Killed an ogre
  4384 | D:4      | Reached XP level 7. HP: 52/52 MP: 7/7
  5133 | D:5      | Found a glowing golden altar of the Shining One.
  5198 | D:5      | Noticed Dowan
  5201 | D:5      | Noticed Duvessa
  5235 | D:5      | HP: 1/78 [poisoned by Duvessa]
  5236 | D:5      | Succumbed to Duvessa's poison

Vault maps used:
D:1:      scummos_arrival_star
D:2:      nicolae_overflow_crystal_walls, ecumenical_altar_1
D:3:      nicolae_overflow_hidden_temple, first_bread, bh_walls_and_bars,
          uniq_grinder, uniq_natasha, uniq_terence
D:4:      portal_sewer_entry_b
D:5:      hangedman_decor_lopped, minivault_19, tso_altar, uniq_duvessa
D:6:      nrook_pool_corridor, uniq_pikel
Sewer:    sewer_fruit_machine

Action                   |  1- 3 |  4- 6 |  7- 9 || total
-------------------------+-------+-------+-------++-------
Melee: Falchion          |   119 |   153 |    64 ||   336
 Fire: Blowgun           |     7 |     4 |       ||    11
Throw: Throwing net      |       |     2 |     1 ||     3
       Tomahawk          |       |       |     1 ||     1
  Use: Scroll            |     4 |     8 |     1 ||    13
       Potion            |     1 |     1 |     3 ||     5
 Stab: Distracted        |       |     1 |       ||     1
       Held in net/web   |       |       |     1 ||     1
  Eat: Fruit             |     1 |       |       ||     1
       Chunk             |     4 |     7 |     2 ||    13
